 Dungeon Crawl Stone Soup version 0.23.1 (webtiles) character file.

Game seed: 2522421896003977028

184 Fang the Skirmisher (level 5, -1/51 HPs)
             Began as a Gargoyle Berserker on Mar 8, 2019.
             Was a Believer of Trog.
             Killed by divine providence
             ... invoked by an orc priest
              (12 damage)
             ... on level 3 of the Dungeon.
             The game lasted 00:01:44 (2791 turns).

Fang the Skirmisher (Gargoyle Berserker)            Turns: 2791, Time: 00:01:44

Health: -1/51      AC:  6    Str: 27    XL:     5   Next: 63%
Magic:  5/5        EV: 12    Int:  7    God:    Trog [**....]
Gold:   45         SH:  0    Dex:  9    Spells: 4/4 levels left

rFire    . . .     SeeInvis .   a - +0 hand axe
rCold    . . .     Gourm    .   (no shield)
rNeg     + . .     Faith    .   b - +0 animal skin
rPois    ∞         Spirit   .   (no helmet)
rElec    +         Reflect  .   (no cloak)
rCorr    .         Harm     .   (no gloves)
MR       .....                  (no boots)
Stlth    ..........             (no amulet)
HPRegen  0.17/turn              (no ring)
MPRegen  0.09/turn              (no ring)

@: berserking, very quick
A: negative energy resistance 1, electricity resistance, unbreathing,
petrification resistance, rot immunity, AC +4
a: Berserk, Trog's Hand, Renounce Religion


You were on level 3 of the Dungeon.
You worshipped Trog.
Trog was pleased with you.
You were very hungry.

You visited 1 branch of the dungeon, and saw 3 of its levels.

You collected 45 gold pieces.

Inventory:

Hand Weapons
 a - a +0 hand axe (weapon)
Armour
 b - a +0 animal skin (worn)
Jewellery
 j - a cursed -3 ring of strength {unknown}
Scrolls
 d - 4 scrolls of remove curse {unknown}
 e - a scroll of teleportation {unknown}
 h - a scroll of random uselessness {unknown}
 m - 3 scrolls of identify {unknown}
Potions
 f - 3 potions of heal wounds {unknown}
 g - a potion of agility {unknown}
 i - a potion of ambrosia {unknown}
 k - a potion of mutation {unknown}
 l - 2 potions of curing {unknown}
Comestibles
 c - 5 rations
 n - a chunk of flesh


   Skills:
 + Level 4.3 Fighting
 + Level 3.6 Axes
 + Level 3.5 Armour
 + Level 2.6 Dodging


You had 4 spell levels left.
You didn't know any spells.
Your spell library was empty.

Dungeon Overview and Level Annotations

Branches:
Dungeon (3/15)

Altars:
Dithmenos


Innate Abilities, Weirdness & Mutations

You are resistant to torment.
Your stone body is resilient. (AC +4)
You are immune to poison.
You resist negative energy. (rN+)
You are resistant to electric shocks. (rElec)
You can survive without breathing.
You are immune to petrification.
You are immune to rotting.


Message History

The orc priest calls down the wrath of Beogh upon you.
Beogh smites you!
* * * LOW HITPOINT WARNING * * *
You are too injured to fight recklessly!
You are too injured to fight recklessly!
You are too injured to fight recklessly!
You are too injured to fight recklessly!
You are too injured to fight recklessly!
You are too injured to fight recklessly!
You are too injured to fight recklessly!
A red film seems to cover your vision as you go berserk!
You feel yourself moving faster!
You feel mighty!
You are feeling very hungry.
The orc priest misses you.
You barely miss the orc priest. You slash the orc priest!
The orc priest is severely wounded.
The orc priest invokes the aid of Beogh against you.
Beogh smites you!
You die...

#############
######............
#......###########
#######.######
#.......#
#.#####@# #o#
###.oo #...o..
#.#...## #.##.## #
#.##.# #.##.##.#
#...÷...#


You could see an orc priest, an orc wizard and 2 orcs.

Vanquished Creatures
  Crazy Yiuf (D:2)
  An orc wizard (D:3)
  7 adders
  An ooze (D:1)
  2 dart slugs
  2 leopard geckos
  2 orcs (D:3)
  3 giant cockroaches
  2 goblins (D:3)
  5 hobgoblins
  4 jackals (D:2)
  6 kobolds
  A ball python (D:2)
  6 bats
  3 frilled lizards
  6 rats
52 creatures vanquished.

Notes
Turn   | Place    | Note
-------+----------+-------------------------------------------
     0 | D:1      | Fang the Gargoyle Berserker began the quest for the Orb.
     0 | D:1      | Reached XP level 1. HP: 14/14 MP: 1/1
   525 | D:1      | Reached XP level 2. HP: 15/19 MP: 2/2
   540 | D:1      | You fall through a shaft!
   577 | D:2      | Found a runed translucent door.
   578 | D:2      | Noticed Crazy Yiuf
   683 | D:2      | Found a faded altar of an unknown god.
   984 | D:2      | Reached XP level 3. HP: 23/23 MP: 3/3
  1197 | D:2      | Killed Crazy Yiuf
  1197 | D:2      | Reached XP level 4. HP: 13/29 MP: 4/4
  2016 | D:3      | Reached ** piety under Trog
  2024 | D:3      | Reached skill level 4 in Fighting
  2158 | D:3      | Reached XP level 5. HP: 21/33 MP: 5/5
  2706 | D:3      | Found a shadowy altar of Dithmenos.
  2791 | D:3      | Killed from afar by an orc priest

Skill      XL: |  1  2  3  4 |
---------------+-------------+-----
Axes           | 3 |  3.6
Dodging        | 2 |  2.6
Armour         | 3 |  3.5
Fighting       | 4 |  4.3

Action                   |  1- 3 |  4- 6 || total
-------------------------+-------+-------++-------
Melee: Hand axe          |    73 |   126 ||   199
Invok: Berserk           |     1 |     3 ||     4
 Stab: Sleeping          |     1 |     1 ||     2
  Eat: Chunk             |     1 |     8 ||     9
Armor: Animal skin       |    20 |    52 ||    72
Dodge: Dodged            |    49 |    93 ||   142
